 Dungeon Crawl Stone Soup version 0.26.0-10-g1f06aea511 (webtiles) character file.

Game seed: 10101475497337553983

752 Borgoz the Ducker (level 7, 0/59 HPs)
             Began as a Ghoul Gladiator on Jan 15, 2021.
             Was an Initiate of Ashenzari.
             Slain by a two-headed ogre
             ... wielding a +0 giant spiked club
              (1 damage)
             ... on level 5 of the Dungeon.
             The game lasted 00:05:35 (3933 turns).

Borgoz the Ducker (Ghoul Gladiator)                 Turns: 3933, Time: 00:05:36

Health: 0/59       AC:  9    Str: 18    XL:     7   Next: 78%
Magic:  6/6        EV: 14    Int:  3    God:    Ashenzari [......]
Gold:   283        SH:  0    Dex: 12    Spells: 6/6 levels left

rFire    + . .     SeeInvis .   v - +1 great sword
rCold    + . .     Faith    .   (shield currently unavailable)
rNeg     + + +     Spirit   .   n - +1 leather armour {rF+}
rPois    ∞         Reflect  .   c - +0 helmet
rElec    .         Harm     .   j - +0 cloak
rCorr    .         Rampage  .   m - +0 pair of gloves (curse)
Will     .....                  i - +1 pair of boots
Stlth    +.........             (no amulet)
HPRegen  0.00/turn              (no ring)
MPRegen  0.10/turn              (no ring)

@: no status effects
A: claws 1, cold resistance 1, negative energy resistance 3, inhibited
regeneration, torment resistance, unbreathing
a: Renounce Religion, Curse Item


You were on level 5 of the Dungeon.
You worshipped Ashenzari.
Ashenzari was noncommittal.
You visited 2 branches of the dungeon, and saw 6 of its levels.

You collected 283 gold pieces.

Inventory:

Hand Weapons
 a - a +0 long sword
 v - a +1 great sword (weapon)
Missiles
 d - 2 throwing nets (quivered)
Armour
 c - a +0 helmet (worn)
 i - a +1 pair of boots (worn)
 j - a +0 cloak (worn)
 m - a cursed +0 pair of gloves (worn)
 n - a +1 leather armour of fire resistance (worn)
Scrolls
 b - 3 scrolls of remove curse
 e - a scroll of identify
 h - a scroll of noise {unknown}
 k - a scroll of amnesia {unknown}
 l - a scroll of magic mapping {unknown}
 o - 3 scrolls of blinking {unknown}
 p - a scroll of teleportation {unknown}
 q - a scroll of enchant armour {unknown}
Potions
 f - 2 potions of heal wounds
 g - 3 potions of curing
 r - a potion of invisibility {unknown}
 s - a potion of berserk rage {unknown}
 t - 2 potions of degeneration {unknown}
 u - a potion of flight {unknown}


   Skills:
 + Level 4.1 Fighting
 * Level 5.2 Long Blades
 - Level 1.7 Throwing
 + Level 2.7 Armour
 * Level 5.2 Dodging


You had 6 spell levels left.
You didn't know any spells.
Your spell library was empty.

Dungeon Overview and Level Annotations

Branches:
Dungeon (5/15)             Temple (1/1) D:4

Altars:
Ashenzari
Cheibriados
Elyvilon
Fedhas
Gozag
Hepliaklqana
Nemelex Xobeh
Okawaru
Qazlal
Sif Muna
Trog
Uskayaw
Wu Jian
Zin

Shops:
D:4 =


Innate Abilities, Weirdness & Mutations

You thrive by killing the living.
You are immune to poison.
You have sharp fingernails.
Your flesh is cold resistant. (rC+)
You are immune to negative energy. (rN+++)
You do not regenerate when monsters are visible.
You are immune to unholy pain and torment.
You can survive without breathing.


Message History

The two-headed ogre is caught in the net!
The two-headed ogre is heavily wounded.
The two-headed ogre struggles against the net.
You hit the two-headed ogre but do no damage.
The two-headed ogre is heavily wounded.
The two-headed ogre struggles against the net.
You hit the two-headed ogre but do no damage.
The two-headed ogre is moderately wounded.
The two-headed ogre struggles against the net. x2
You hit the two-headed ogre.
The two-headed ogre is heavily wounded.
The two-headed ogre struggles against the net.
You slash the two-headed ogre!
The two-headed ogre is severely wounded.
The two-headed ogre struggles against the net.
The net rips apart, and the two-headed ogre comes free!
The two-headed ogre hits you with a +0 giant spiked club!!
* * * LOW HITPOINT WARNING * * *
The two-headed ogre hits you with a +0 giant club.
You die...

#.#..#.#####
####....#.# ###
#.....###.## ...
###.##..##...#######
###
#.............#....
...###†))........# #
.8..._...8..##.....#
#
.....)......##.#...#.
#
.8.......8...@O...$..
.................(...
.8.......8...........
.....................
..###################


You could see a two-headed ogre.

Vanquished Creatures
  An ogre (D:5)
  A scorpion (D:2)
  A bullfrog skeleton (D:4)
  A bullfrog zombie (D:5)
  A hound (D:4)
  2 orc priests
  A jelly (D:5)
  An orc wizard (D:4)
  Crazy Yiuf (D:2)
  A centaur skeleton (D:5)
  Jessica (D:2)
  Natasha (D:2)
  2 worker ants (D:4)
  A killer bee zombie (D:3)
  A hound skeleton (D:4)
  A howler monkey skeleton (D:5)
  3 gnolls (D:5)
  9 adders
  A white imp (D:5)
  2 oozes
  2 dart slugs
  3 leopard geckos
  7 orcs
  7 bats
  A giant cockroach (D:3)
  13 goblins
  5 hobgoblins
  6 jackals
  A quokka (D:4)
  2 ball pythons
  6 frilled lizards
  8 kobolds
  A quokka zombie (D:5)
  7 rats
102 creatures vanquished.

Notes
Turn   | Place    | Note
-------+----------+-------------------------------------------
     0 | D:1      | Borgoz the Ghoul Gladiator began the quest for the Orb.
     0 | D:1      | Reached XP level 1. HP: 17/17 MP: 0/0
   123 | D:1      | Reached XP level 2. HP: 25/25 MP: 1/1
   698 | D:1      | Reached XP level 3. HP: 28/30 MP: 2/2
  1293 | D:2      | Noticed Natasha
  1300 | D:2      | Killed Natasha
  1301 | D:2      | Reached skill level 1 in Armour
  1301 | D:2      | Reached XP level 4. HP: 29/37 MP: 3/3
  1547 | D:2      | Reached XP level 5. HP: 32/44 MP: 4/4
  1660 | D:2      | Found a runed translucent door.
  1661 | D:2      | Noticed Crazy Yiuf
  1775 | D:2      | Noticed Jessica
  1783 | D:2      | Killed Jessica
  2246 | D:2      | Killed Crazy Yiuf
  2247 | D:2      | Reached XP level 6. HP: 42/51 MP: 5/5
  2689 | D:3      | Found a faded altar of an unknown god.
  3045 | D:4      | Found Jissexa's Jewellery Boutique.
  3088 | D:4      | Noticed an air elemental
  3089 | D:4      | Found a stormy altar of Qazlal.
  3097 | D:4      | Noticed a water elemental
  3270 | D:4      | Reached XP level 7. HP: 31/58 MP: 6/6
  3580 | D:4      | Found a staircase to the Ecumenical Temple.
  3590 | Temple   | Entered the Ecumenical Temple
  3598 | Temple   | Became a worshipper of Ashenzari the Shackled
  3673 | D:4      | Noticed a fire elemental
  3744 | D:5      | Entered Level 5 of the Dungeon
  3861 | D:5      | Found a hide-covered altar of Uskayaw.
  3866 | D:5      | Reached skill level 5 in Long Blades
  3866 | D:5      | Reached skill level 5 in Dodging
  3919 | D:5      | Noticed a two-headed ogre
  3933 | D:5      | HP: 1/59 [two-headed ogre/+0 giant spiked club (25)]
  3933 | D:5      | Slain by a two-headed ogre

Illustrated notes

Levels and vault maps discovered:
D:1:      minmay_arrival_doors, layout_basic, minmay_pentomino_u4
D:2:      layout_loops_corners, uniq_crazy_yiuf_cottage, uniq_natasha,
          uniq_jessica
D:3:      layout_basic, chequers_ecumenical_altar_island
D:4:      layout_cave_pools, nicolae_qazlal_style_of_elements,
          minmay_temple_entry_antechambers, serial_shops, kennysheep_little_box
D:5:      layout_loops_ring, eat_drink_and_be_merry_uskayaw, serial_shops, shop,
          minmay_fractal_squares_5
Temple:   nicolae_temple_no_exploring_needed

Skill      XL: |  1  2  3  4  5  6  7 |
---------------+----------------------+-----
Dodging        | 3 4 5 |  5.2
Long Blades    | 3 4 5 |  5.2
Armour         | 1 2 |  2.7
Fighting       | 3 4 |  4.1
Throwing       | |  1.7

Action                   |  1- 3 |  4- 6 |  7- 9 || total
-------------------------+-------+-------+-------++-------
Melee: Long sword        |   118 |   172 |       ||   290
       Great sword       |       |    14 |    48 ||    62
Throw: Throwing net      |       |     1 |     1 ||     2
  Use: Scroll            |       |     5 |       ||     5
       Potion            |       |     1 |       ||     1
Armor: Ring mail         |    75 |    93 |     8 ||   176
       Leather armour    |       |       |    16 ||    16
Dodge: Dodged            |   101 |   159 |    50 ||   310
       Rpst.: Long sword |    30 |    44 |       ||    74
       Great sword       |       |     8 |    10 ||    18
